 Dungeon Crawl Stone Soup version 0.30.1-3-gfc49f6343a (webtiles) character file.

Game seed: 4206396866588629278

728 H0rd4k the Sneak (level 7, -1/45 HPs)
             Began as an Octopode Artificer on July 27, 2023.
             Succumbed to a hornet's poison
             ... on level 7 of the Dungeon.
             The game lasted 00:02:45 (2747 turns).

H0rd4k the Sneak (Octopode Artificer)               Turns: 2747, Time: 00:02:45

Health: -1/45      AC:  1    Str: 10 (11) XL:     7   Next: 72%
Magic:  7/7        EV: 14    Int: 14 (16) God:
Gold:   228        SH:  0    Dex: 11 (12) Spells: 6/6 levels left

rFire   . .          .
                       - Unarmed
rCold   . . .        (no shield)
rNeg    + . .        (helmet restricted)
rPois   .            (no amulet)
rElec   .            u - ring of positive energy
rCorr   .            (no ring)
SInv    .            (no ring)
Will    .....        (no ring)
Stlth   ++++         (no ring)
HPRegen 0.27/turn    (no ring)
MPRegen 0.10/turn    (no ring)
                     (no ring)

%: no passive effects
@: mighty, lethally poisoned (-1 -> -9), slowed, very slow
A: almost no armour, amphibious, 8 rings, camouflage 1, gelatinous body 1,
(nimble swimmer 1), tentacles
a: no special abilities


You were on level 7 of the Dungeon.
You visited 1 branch of the dungeon, and saw 5 of its levels.

You collected 228 gold pieces.

Inventory:

Missiles
 n - 10 poisoned darts
Magical Staves
 f - a staff of earth
Jewellery
 u - a ring of positive energy (left tentacle)
Wands
 b - a wand of flame (9) (quivered)
 c - a wand of charming (11)
 d - a wand of iceblast (2)
Scrolls
 h - a scroll of fog {unknown}
 i - 2 scrolls of enchant weapon {unknown}
 k - 3 scrolls of immolation {unknown}
 l - 2 scrolls of teleportation {unknown}
 r - a scroll of brand weapon {unknown}
 s - 4 scrolls of identify {unknown}
 t - a scroll of butterflies {unknown}
 w - a scroll of amnesia {unknown}
 y - a scroll of vulnerability {unknown}
 C - a scroll of torment {unknown}
Potions
 a - a potion of resistance {unknown}
 e - a potion of brilliance {unknown}
 g - 3 potions of degeneration
 j - a potion of might
 m - 3 potions of curing {unknown}
 o - a potion of magic {unknown}
 p - a potion of attraction {unknown}
 q - a potion of haste {unknown}
 v - 2 potions of lignification {unknown}
 x - a potion of berserk rage {unknown}
 z - a potion of flight {unknown}
 A - a potion of ambrosia {unknown}
 B - a potion of heal wounds {unknown}


   Skills:
 + Level 2.2 Fighting
 + Level 4.0 Dodging
 + Level 7.1 Stealth
 + Level 3.8 Unarmed Combat
 + Level 4.7 Evocations


You had 6 spell levels left.
You didn't know any spells.
Your spell library contained the following spells:

 Spells                   Type           Power      Damage    Failure   Level
 Apportation              Tloc           0%         N/A       28%         1
 Vhi's Electric Charge    Tloc/Air       0%         N/A       65%         3
 Alistair's Intoxication  Tmut/Pois      0%         N/A       100%        5
 Arcjolt                  Conj/Air       0%         1d10      100%        5
 Simulacrum               Ice/Necr       0%         N/A       100%        6
 Ozocubu's Refrigeration  Ice            0%         4d7       100%        7
 Maxwell's Capacitive Co  Air            0%         ∞         100%        8
 Polar Vortex             Ice            0%         N/A       100%        9


Dungeon Overview and Level Annotations

Branches:
Dungeon (4/15)
 Temple: D:4-7

Altars:
Makhleb


Innate Abilities, Weirdness & Mutations

You cannot wear most types of armour.
You are amphibious.
You can wear up to eight rings at the same time.
Your skin changes colour to match your surroundings (Stealth+).
Your rubbery body absorbs attacks. (AC +1, EV +1)
((You are camouflaged when in or above water. (Stealth+)))
You have tentacles for arms and can constrict up to eight enemies at once.


Message History

The puff of flame misses the hornet.
The hornet stings you but does no damage.
The puff of flame hits the hornet.
The hornet is almost dead.
The hornet stings you.
You feel yourself slow down.
The puff of flame hits the hornet but does no damage.
The hornet is almost dead.
You feel yourself speed up. The hornet stings you.
You are poisoned.
You feel yourself slow down. The hornet barely misses you.
The hornet stings you!
You feel as though you will be slow longer.
Aiming: Throw Flame
Press: ? - help, Q - select action, (/) - cycle Shift-Dir - straight line, f/p - hornet
Aim: a hornet (almost dead, 60% to hit)
The puff of flame misses the hornet.
You feel very sick. The hornet stings you!
* * * LOW HITPOINT WARNING * * *
You are lethally poisoned!
You feel as though you will be slow longer.
The hornet barely misses you.
Aiming: Throw Flame
Press: ? - help, Q - select action, (/) - cycle Shift-Dir - straight line, f/p - hornet
Aim: a hornet (almost dead, 60% to hit)
The puff of flame hits the hornet!
You kill the hornet!
* * * LOW HITPOINT WARNING * * *
You feel very sick.
Your Dodging skill increases to level 4!
Your Stealth skill increases to level 7!
It was a potion of degeneration.
There was something very wrong with that liquid.
You feel weakened.
You feel dopey.
You feel clumsy.
* * * LOW HITPOINT WARNING * * *
You feel very sick.
It was a potion of might.
You feel very mighty all of a sudden.
You die...

≈.# # ~≈~§...# ≈~§.#. ~≈≈..
≈~.## ....
#.#########.#####..
#..................
#.........#@###...
.......#..#.....<..
..###+##'##+################
#.....#.....#.............
#.....#.....##.##########.
+##+##'##'##'..# #.
#..#.....#..#### #.
#..#+###+#..# #.
#..#.....#..### #.


There were no monsters in sight!

Vanquished Creatures
  A hornet (D:7)
  Sigmund (D:3)
  An ice beast (D:7)
  A sky beast (D:3)
  2 orc priests (D:3)
  A sleepcap (D:7)
  2 adders (D:3)
  An ufetubus (D:3)
  2 dart slugs (D:1)
  3 orcs (D:3)
  5 ball pythons
  5 endoplasms
  5 giant cockroaches
  9 hobgoblins
  2 jackals (D:3)
  6 kobolds
  4 quokkas
  13 bats
  5 frilled lizards
  6 goblins
  2 rats (D:1)
77 creatures vanquished.

Vanquished Creatures (collateral kills)
  An orc priest (D:3)
  A goblin (D:3)
2 creatures vanquished.

Grand Total: 79 creatures vanquished

Notes
Turn   | Place    | Note
-------+----------+-------------------------------------------
     0 | D:1      | H0rd4k the Octopode Artificer began the quest for the Orb.
     0 | D:1      | Reached XP level 1. HP: 13/13 MP: 1/1
   112 | D:1      | Reached XP level 2. HP: 3/18 MP: 2/2
   628 | D:1      | Reached skill level 2 in Stealth
   657 | D:1      | Reached XP level 3. HP: 23/23 MP: 3/3
  1500 | D:3      | HP: 1/23 [ufetubus (3)]
  1502 | D:3      | Reached skill level 1 in Unarmed Combat
  1502 | D:3      | Reached XP level 4. HP: 2/28 MP: 4/4
  1655 | D:3      | Reached skill level 3 in Stealth
  1697 | D:3      | Reached skill level 4 in Stealth
  1752 | D:3      | Noticed Sigmund
  1760 | D:3      | Killed Sigmund
  1761 | D:3      | Reached skill level 5 in Stealth
  1761 | D:3      | Reached XP level 5. HP: 23/33 MP: 5/5
  1761 | D:3      | Reached XP level 6. HP: 26/38 MP: 6/6
  1890 | D:3      | Noticed a sky beast
  1960 | D:3      | Killed a sky beast
  2614 | D:4      | You fall into a shaft and drop 3 floors!
  2628 | D:7      | Found a burning altar of Makhleb.
  2636 | D:7      | Noticed an ice beast
  2639 | D:7      | Killed an ice beast
  2640 | D:7      | Reached skill level 6 in Stealth
  2640 | D:7      | Reached XP level 7. HP: 45/45 MP: 7/7
  2737 | D:7      | Noticed a hornet
  2745 | D:7      | Killed a hornet
  2746 | D:7      | Reached skill level 7 in Stealth
  2746 | D:7      | HP: 1/45 [poisoned by a hornet]
  2747 | D:7      | Succumbed to a hornet's poison

Illustrated notes

Levels and vault maps discovered:
D:1:      ebering_trefoil_twist, layout_loops_ring
D:2:      layout_rooms, chequers_serial_rivers_small_3
D:3:      minmay_bubble_buster, layout_loops_ring, minmay_misc_feat_room,
          uniq_sigmund
D:4:      layout_loops_ring, okawaru_ov_weapons_minmay,
          mainiacjoe_overflow_concentric_impassable
D:7:      nicolae_whirlpool, layout_basic, mainiacjoe_overflow_24_doors,
          mainiacjoe_overflow_catch_the_wave, corexii_hall_statues_x

Skill      XL: |  1  2  3  4  5  6  7 |
---------------+----------------------+-----
Evocations     | 4 |  4.7
Stealth        | 2 5 6 7 |  7.1
Dodging        | 3 4 |  4.0
Unarmed Combat | 1 2 3 |  3.8
Fighting       | 2 |  2.2

Action                     |  1- 3 |  4- 6 |  7- 9 || total
---------------------------+-------+-------+-------++-------
  Melee: Unarmed           |   136 |    57 |     2 ||   195
         Constrict         |    34 |    17 |     1 ||    52
         Tentacles         |    32 |    13 |     1 ||    46
         Punch             |     1 |       |       ||     1
  Evoke: Wand              |     1 |    14 |    10 ||    25
    Use: Potion            |       |       |     2 ||     2
   Stab: Sleeping          |    11 |    11 |       ||    22
         Distracted        |     1 |       |       ||     1
         Betrayed ally     |       |     1 |       ||     1
 Armour: Skin              |    20 |     1 |     1 ||    22
  Dodge: Dodged            |   101 |    33 |     2 ||   136
